Map: Hecate LE

Players

Subwayeatn

  • Race: Zerg Zerg
  • League: Platinum
  • Spawn Location: 7:00

rainbows - Winner!

  • Race: Terran Terran
  • League: Platinum
  • Spawn Location: 1:00

VOD

Have the link to the VOD?

Description

Time

  • Played on: Nov. 10, 2023, 6:47 p.m.
  • Length: 23:16
Show
View Real Time Build Order
Export as new Build Order

Subwayeatn Zerg 

Build Orders: Hatch First 

Get SALT Encoding   

  12  0:00  Drone  
  13  0:12  Overlord  
  13  0:17  Drone  
  14  0:30  Drone x2  
  16  0:50  Hatchery  
  16  0:53  Drone  
  16  0:55  Drone  
  17  0:59  Drone  
  17  1:04  Extractor  
  17  1:17  Spawning Pool  
  16  1:20  Drone  
  16  1:21  Drone  
  18  1:30  Drone  
  19  1:38  Drone  
  20  1:49  Overlord  
  20  2:04  Queen x2  
  20  2:06  Zergling x4  
  26  2:11  Metabolic Boost  
  26  2:14  Drone  
  27  2:18  Drone  
  27  2:21  Drone  
  29  2:24  Drone  
  30  2:32  Drone  
  30  2:33  Drone  
  32  2:44  Queen  
  32  2:46  Queen  
  36  2:51  Overlord  
  36  2:56  Overlord  
  36  3:05  Extractor  
  35  3:07  Extractor  
  35  3:10  Drone x3  
  35  3:11  Drone  
  38  3:19  Drone x4  
  42  3:24  Lair  
  42  3:33  Baneling Nest, Drone  
  42  3:36  Drone  
  42  3:37  Drone  
  44  3:43  Queen  
  46  3:54  Drone x3  
  49  3:58  Drone  
  49  4:01  Overlord  
  50  4:12  Drone x2  
  50  4:14  Drone, Extractor  
  52  4:26  Hydralisk Den  
  51  4:33  Drone  
  52  4:44  Centrifugal Hooks  
  52  4:48  Drone  
  52  4:49  Drone x3  
  52  4:50  Drone, Hatchery  
  56  4:57  Zergling x8  
  60  5:09  Overlord  
  60  5:11  Overlord x2  
  60  5:12  Overlord  
  60  5:24  Grooved Spines  
  60  5:27  Queen x2  
  64  5:31  Baneling x12  
  64  5:32  Hydralisk  
  64  5:33  Hydralisk  
  68  5:36  Hydralisk  
  70  5:45  Evolution Chamber  
  70  5:47  Evolution Chamber  
  68  5:50  Hydralisk  
  68  5:51  Hydralisk  
  72  6:02  Queen  
  72  6:04  Overlord  
  74  6:07  Zergling x2  
  74  6:09  Zergling x2  
  76  6:14  Overlord, Muscular Augments  
  77  6:18  Drone x2  
  77  6:19  Drone  
  77  6:23  Drone x6  
  85  6:39  Drone x3  
  88  6:44  Hydralisk  
  88  6:45  Hydralisk x5  
  98  6:55  Spore Crawler  
  98  6:57  Spore Crawler  
  98  6:58  Drone x3  
  98  6:59  Drone, Spore Crawler  
  99  7:07  Queen  
  86  7:29  Zerg Missile Weapons Level 1  
  80  7:30  Zerg Ground Armor Level 1  
  80  7:35  Hydralisk x2  
  80  7:36  Hydralisk x6  
  94  7:42  Queen  
  96  7:45  Overlord  
  96  7:49  Overseer  
  96  8:01  Hydralisk x5  
  106  8:08  Overlord x2  
  106  8:16  Drone x8  
  106  8:19  Spore Crawler  
  113  8:21  Spore Crawler  
  112  8:27  Spine Crawler  
  111  8:36  Spore Crawler  
  111  8:39  Zergling x2, Spore Crawler  
  111  8:40  Zergling x10  
  115  8:53  Spire  
  115  8:55  Hydralisk x4  
  116  8:58  Overlord x2  
  116  9:20  Drone x5  
  116  9:21  Drone x8  
  129  9:25  Extractor  
  129  9:27  Extractor  
  127  9:40  Pneumatized Carapace  
  127  9:41  Hatchery  
  127  9:42  Overseer  
  127  9:45  Zerg Ground Armor Level 2, Zerg Missile Weapons Level 2  
  124  10:07  Corruptor x6  
  136  10:22  Drone x2  
  136  10:24  Overlord x3  
  136  10:25  Spore Crawler  
  137  10:29  Spore Crawler  
  116  11:05  Corruptor x7  
  131  11:11  Drone x2  
  131  11:12  Drone  
  131  11:15  Drone x2  
  131  11:16  Drone x11  
  146  11:20  Queen  
  148  11:33  Extractor x2  
  148  11:38  Spine Crawler  
  148  11:39  Hatchery, Extractor  
  143  11:42  Spine Crawler, Extractor  
  141  11:52  Corruptor x4  
  149  11:59  Drone x2  
  149  12:00  Drone  
  152  12:03  Overlord x4  
  129  12:26  Drone x2  
  129  12:27  Drone x3  
  129  12:28  Drone  
  134  12:30  Drone  
  134  12:31  Drone x3  
  134  12:32  Drone x4  
  142  12:38  Drone  
  142  12:40  Spore Crawler  
  142  12:42  Spine Crawler  
  141  12:51  Queen  
  141  12:54  Drone x11  
  141  12:57  Overlord  
  153  12:59  Overseer  
  153  13:06  Zerg Flyer Weapons Level 1  
  153  13:07  Infestation Pit  
  153  13:09  Zergling x4  
  153  13:10  Zergling x6  
  157  13:13  Corruptor x2  
  157  13:14  Corruptor x5  
  171  13:26  Drone  
  168  13:37  Queen  
  168  13:38  Overseer  
  163  13:48  Drone x6  
  161  13:49  Drone x2  
  161  13:50  Drone x2  
  161  13:51  Drone x3  
  171  13:57  Hydralisk x9  
  189  14:10  Drone  
  189  14:11  Overlord  
  189  14:12  Overlord x3  
  190  14:20  Overlord x4  
  190  14:29  Queen  
  162  14:52  Corruptor x10  
  145  14:53  Corruptor x5  
  173  15:06  Corruptor x2  
  156  15:25  Hatchery  
  156  15:27  Extractor  
  156  15:28  Extractor  
  123  15:46  Hive  
  123  15:47  Corruptor x6  
  135  15:54  Hatchery  
  134  16:05  Queen  
  136  16:13  Zerg Melee Weapons Level 1  
  136  16:17  Corruptor  
  136  16:18  Corruptor x3  
  138  16:20  Extractor  
  138  16:21  Extractor  
  142  16:27  Drone x2  
  142  16:28  Drone  
  142  16:29  Drone x2  
  147  16:33  Drone x5  
  147  16:34  Drone  
  127  17:13  Corruptor  
  127  17:14  Corruptor x3  
  123  17:20  Zergling x2  
  123  17:21  Zergling x8  
  129  17:22  Zergling x2  
  129  17:23  Zergling x12  
  129  17:26  Queen  
  129  17:29  Drone x3  
  141  17:30  Drone  
  141  17:32  Drone x6  
  141  17:37  Greater Spire  
  146  17:55  Drone x3  
  146  17:56  Drone x11  
  152  18:15  Hatchery  
  152  18:18  Overseer  
  151  18:31  Overseer  
  151  18:32  Overseer  
  151  18:33  Overseer  
  134  18:52  Zergling x10  
  136  19:22  Drone  
  136  19:23  Drone x2  
  136  19:24  Drone x3  
  142  19:25  Drone x3  
  142  19:27  Extractor  
  142  19:28  Drone x12, Hatchery  
  142  19:30  Extractor  
  130  19:44  Corruptor  
  130  19:45  Corruptor x6  
  141  19:59  Corruptor x2  
  141  20:00  Corruptor x7  
  141  20:04  Hatchery  
  158  20:13  Brood Lord x4  
  166  20:16  Queen  
  168  20:23  Zerg Melee Weapons Level 2  
  134  20:52  Extractor  
  134  20:54  Extractor  
  71  21:37  Drone x17  
  71  21:38  Drone x15  
  103  21:50  Queen  
  92  22:23  Drone x2  
  92  22:24  Drone x15  
  109  22:39  Queen  
  113  22:59  Spore Crawler  
  113  23:01  Spore Crawler  
  113  23:03  Spore Crawler  
  114  23:12  Ultralisk Cavern  
  114  23:15  Spore Crawler  
Show
View Real Time Build Order
Export as new Build Order

rainbows Terran - Winner!

Build Orders:  

Get SALT Encoding   

  12  0:02  SCV  
  13  0:14  SCV  
  13  0:19  Supply Depot  
  14  0:26  SCV  
  15  0:41  SCV  
  15  0:42  Barracks  
  16  0:53  SCV  
  17  1:05  SCV  
  18  1:19  Command Center  
  18  1:22  SCV  
  19  1:29  Marine  
  20  1:35  Bunker  
  20  1:40  Orbital Command  
  20  1:47  Marine  
  20  1:49  Refinery  
  21  1:56  Supply Depot  
  21  2:06  Refinery, SCV  
  22  2:18  SCV  
  22  2:19  Marine  
  24  2:30  SCV  
  24  2:33  Orbital Command  
  25  2:38  Marine  
  25  2:42  SCV  
  27  2:54  Supply Depot, SCV  
  27  2:57  Factory  
  28  3:00  SCV  
  29  3:06  SCV  
  29  3:12  SCV  
  31  3:17  Command Center  
  31  3:18  SCV  
  32  3:24  SCV  
  32  3:26  Engineering Bay  
  33  3:30  SCV  
  34  3:36  SCV  
  35  3:42  Starport  
  35  3:43  SCV  
  35  3:45  Factory Reactor  
  36  3:49  Starport  
  36  3:50  Armory  
  36  3:52  SCV  
  37  3:56  Refinery  
  37  3:58  Refinery  
  37  3:59  SCV  
  38  4:04  SCV  
  38  4:09  Supply Depot  
  39  4:11  SCV  
  39  4:16  SCV  
  41  4:19  Starport Tech Lab  
  41  4:21  Fusion Core  
  41  4:23  SCV  
  42  4:25  Hellion  
  42  4:28  Starport Tech Lab  
  42  4:31  SCV  
  45  4:39  Terran Vehicle And Ship Armor Level 1  
  45  4:41  SCV  
  45  4:45  Hellion  
  48  4:46  Hellion  
  48  4:52  Supply Depot  
  50  4:54  SCV  
  50  4:55  SCV  
  58  5:07  SCV  
  59  5:10  Battlecruiser  
  59  5:18  SCV  
  59  5:19  SCV, Planetary Fortress  
  63  5:21  Hellion x2  
  63  5:24  Supply Depot  
  65  5:28  Missile Turret  
  65  5:30  SCV  
  65  5:31  Missile Turret  
  65  5:34  Hellion x3  
  66  5:38  SCV  
  67  5:45  Hellion  
  67  5:46  Hellion  
  67  5:47  Supply Depot  
  67  5:49  Battlecruiser  
  77  5:54  SCV x2  
  79  6:01  SCV  
  80  6:05  Refinery  
  80  6:06  Refinery  
  80  6:09  Missile Turret, SCV  
  81  6:14  Battlecruiser  
  87  6:21  SCV x2  
  87  6:22  SCV  
  90  6:33  SCV  
  90  6:38  Weapon Refit  
  92  6:40  SCV  
  92  6:45  SCV  
  92  6:46  SCV  
  90  6:54  SCV  
  90  6:57  Terran Vehicle And Ship Armor Level 2  
  90  6:58  SCV  
  90  6:59  SCV  
  93  7:35  Battlecruiser x2  
  93  7:36  Hellion  
  101  7:39  Command Center  
  101  7:43  Hellion  
  103  7:46  Command Center  
  103  7:51  Starport  
  102  8:05  Command Center, SCV x3  
  104  8:07  Hellion x2  
  104  8:11  Neosteel Armor  
  109  8:17  Starport, SCV  
  110  8:24  Command Center  
  110  8:29  Hellion x2  
  110  8:30  Starport Reactor  
  110  8:31  SCV  
  110  8:33  Missile Turret  
  110  8:34  Missile Turret  
  115  8:35  Missile Turret x2  
  115  8:38  Missile Turret  
  115  8:39  Missile Turret x2  
  115  8:58  SCV x3  
  115  9:02  Battlecruiser x2  
  130  9:03  Hellion x2  
  134  9:10  SCV  
  134  9:13  Terran Ship Weapons Level 1  
  115  9:25  SCV  
  116  9:34  SCV  
  117  9:45  Viking x2  
  119  9:48  Hellion x2, Starport Tech Lab  
  119  9:51  Hi-Sec Auto Tracking  
  125  9:54  SCV x2  
  125  9:59  Missile Turret  
  127  10:06  Battlecruiser  
  127  10:07  Battlecruiser  
  139  10:08  SCV  
  139  10:09  Battlecruiser, SCV  
  147  10:15  Hellion x2, Armory  
  151  10:21  Planetary Fortress  
  151  10:29  Planetary Fortress  
  151  10:30  Planetary Fortress  
  151  10:34  SCV x3  
  154  10:41  Missile Turret  
  154  10:42  Missile Turret x3  
  154  10:51  Refinery  
  154  10:52  Refinery  
  148  11:09  Viking x2  
  148  11:11  Battlecruiser  
  158  11:27  Command Center  
  158  11:29  Terran Vehicle And Ship Armor Level 3  
  158  11:31  Terran Ship Weapons Level 2  
  158  11:38  Command Center  
  158  11:46  Hellion x2  
  162  11:47  Liberator x2  
  162  11:48  Advanced Ballistics  
  168  11:58  Raven  
  170  12:14  Hellion, Command Center  
  170  12:15  Hellion  
  154  12:24  Battlecruiser x2  
  161  12:30  SCV x5  
  161  12:34  Missile Turret  
  161  12:36  Missile Turret  
  165  12:37  Missile Turret  
  165  12:44  Widow Mine  
  165  12:45  Widow Mine  
  165  12:46  Viking x2  
  173  12:58  Planetary Fortress  
  173  13:03  Missile Turret  
  173  13:17  Refinery  
  173  13:18  Refinery  
  173  13:21  SCV x5  
  173  13:23  Widow Mine  
  173  13:24  Viking x2, Widow Mine  
  186  13:44  Planetary Fortress  
  186  13:45  Planetary Fortress  
  186  13:54  Viking x2, Widow Mine x2  
  188  13:58  Terran Ship Weapons Level 3  
  188  14:06  Terran Vehicle Weapons Level 1  
  188  14:10  Missile Turret  
  188  14:12  Missile Turret  
  188  14:13  Missile Turret  
  188  14:15  Missile Turret x2  
  188  14:16  Missile Turret  
  188  14:18  Missile Turret, Battlecruiser  
  194  15:01  Missile Turret  
  194  15:05  Missile Turret  
  194  15:10  Battlecruiser  
  188  15:40  Battlecruiser, Liberator  
  195  16:09  Terran Vehicle Weapons Level 2, Widow Mine x2  
  199  16:36  Command Center  
  199  16:38  Command Center  
  195  16:57  Missile Turret  
  195  16:59  Missile Turret  
  195  17:00  Missile Turret  
  185  17:13  Battlecruiser  
  185  17:14  Battlecruiser x2  
  185  17:15  Viking x2  
  195  17:17  Widow Mine x2  
  193  17:25  Missile Turret x2  
  193  17:50  Planetary Fortress  
  193  17:51  Planetary Fortress  
  192  18:04  Missile Turret  
  192  18:07  Missile Turret  
  192  18:09  Missile Turret  
  191  18:26  Battlecruiser  
  197  18:32  Terran Vehicle Weapons Level 3  
  197  18:37  Refinery  
  197  18:41  Factory  
  197  18:42  Factory  
  197  18:55  Refinery  
  195  18:59  Liberator x2  
  197  19:38  Battlecruiser  
  200  20:05  Factory Tech Lab  
  200  20:06  Factory Tech Lab  
  200  20:08  Factory  
  176  20:48  Battlecruiser  
  176  20:49  Battlecruiser x2  
  186  21:07  Thor x2  
  186  21:09  Hellion x2  
  184  21:12  Viking x2  
  150  21:50  Thor x2  
  150  21:53  Command Center, Battlecruiser  
  168  22:01  Battlecruiser  
  168  22:02  Battlecruiser  
  174  22:36  Hellion x2  
Tags
 
Add a new tag
Caveats
  • Supply blocks, unpowered buildings, or Contaminate may cause inaccurate times.
  • Supply counts are checked every 10 seconds.